 Dungeon Crawl Stone Soup version 0.30-a0-1074-g5db6f66fbb (webtiles) character file.

Game seed: 17393741226214552155

1021 jimonade the Magician (level 8, -1/58 HPs)
             Began as a Djinni Warper on Apr 13, 2023.
             Was a Follower of Cheibriados.
             Killed by divine providence
             ... invoked by an orc priest
              (13 damage)
             ... on level 4 of the Dungeon.
             The game lasted 00:17:05 (6553 turns).

jimonade the Magician (Djinni Warper)               Turns: 6553, Time: 00:17:06

Health: -1/58      AC:  6    Str: 12    XL:     8   Next: 46%
Gold:   338        EV: 16    Int: 18    God:    Cheibriados [*.....] SH:  0 Dex: 16

rFire   + + .      SeeInvis .    a - +1 dagger (venom)
rCold   x . .      Faith    .    (no shield)
rNeg    . . .      Spirit   .    s - +0 ring mail
rPois   ∞          Reflect  .    (no helmet)
rElec   .          Rampage  .    (no cloak)
rCorr   .                        x - +0 pair of gloves
Will    .....                    (boots unavailable)
Stlth   +                        (no amulet)
HPRegen 0.29/turn                C - +5 ring of evasion
MPRegen 0.00/turn                (no ring)

@: flying, very slow
A: sickness immunity, fire resistance 2, cold vulnerability 1, float, innate
caster, HP casting, extra vitality 1
a: Renounce Religion, Bend Time


You were on level 4 of the Dungeon.
You worshipped Cheibriados.
Cheibriados was aware of your devotion.
You visited 2 branches of the dungeon, and saw 6 of its levels.

You collected 338 gold pieces.

Inventory:

Hand Weapons
 a - a +1 dagger of venom (weapon)
 b - a +2 vampiric scimitar
 l - a +0 spear
 t - a +0 sling
 v - a +0 morningstar
 E - a +0 short sword
 L - a +0 flail of protection
Missiles
 d - 7 boomerangs of dispersal
 f - a throwing net
 p - 8 poisoned darts
Armour
 i - a +0 chain mail
 s - a +0 ring mail (worn)
 x - a +0 pair of gloves (worn)
 H - a +1 scale mail of poison resistance
 J - a +0 leather armour
 K - a +2 robe of willpower
Jewellery
 C - a +5 ring of evasion (left hand)
 F - a ring of fire
 G - a +4 ring of protection
Wands
 B - a wand of flame (20)
Scrolls
 c - 2 scrolls of blinking
 e - 5 scrolls of teleportation
 r - a scroll of poison {unknown}
 u - a scroll of magic mapping {unknown}
 w - a scroll of immolation {unknown}
 y - a scroll of noise {unknown}
 A - a scroll of fear {unknown}
 D - a scroll of torment {unknown}
Potions
 g - a potion of haste {unknown}
 h - 2 potions of heal wounds {unknown}
 j - 2 potions of mutation {unknown}
 k - 5 potions of curing
 m - a potion of berserk rage {unknown}
 n - 2 potions of ambrosia
 o - 2 potions of flight
 q - a potion of lignification {unknown}
 z - 5 potions of attraction
 I - a potion of brilliance {unknown}


   Skills:
 * Level 3.7 Fighting
 - Level 1.7 Short Blades
 - Level 0.7 Throwing
 + Level 3.3 Armour
 + Level 3.3 Dodging
 + Level 6.3 Spellcasting


You knew the following spells:

 Your Spells              Type           Power      Damage    Failure   Level
a - Blink                 Tloc           56%        N/A       2%          2
b - Lesser Beckoning      Tloc           56%        N/A       2%          2
c - Vhi's Electric Charg  Tloc/Air       56%        N/A       5%          3
d - Teleport Other        Tloc           28%        N/A       5%          3
e - Manifold Assault      Tloc           28%        N/A       19%         4
f - Sting                 Tmut/Pois      100%       1d8       1%          1
g - Passwall              Tmut/Erth      23%        N/A       2%          2
h - Static Discharge      Conj/Air       56%        2-5/arc   2%          2
Your spell library was empty.

Dungeon Overview and Level Annotations

Branches:
Dungeon (5/15)             Temple (1/1) D:4

Altars:
Ashenzari
Cheibriados
Dithmenos
Elyvilon
Fedhas
Gozag
Qazlal
Trog
Uskayaw
Wu Jian
Xom
Yredelemnul
Zin
The Shining One

Annotations:
D:3 2 runed translucent doors


Innate Abilities, Weirdness & Mutations

You are immune to sickness and miasma.
You are immune to poison.
Your flesh is very heat resistant. (rF++)
You are vulnerable to cold. (rC-)
You float through the air rather than walking.
You learn spells naturally, not from books.
Your magical power is your life essence.
You have superior vitality. (+4 MHP)


Message History

There is a stone staircase leading up here.
The orc priest misses you.
The orc priest hits you but does no damage.
You fly upwards.
There is a stone staircase leading down here.
Okay, then.
You hit the orc priest.
The orc priest is poisoned.
The orc priest is lightly wounded.
The orc priest completely misses you.
The orc priest begins to cast a cantrip, but forgets the words!
You hit the orc priest but do no damage.
The orc priest looks as sick as possible!
The orc priest is moderately wounded.
The orc priest hits you but does no damage. x2
You hit the orc priest but do no damage.
The orc priest looks as sick as possible!
The orc priest is moderately wounded.
The orc priest looks satisfied for a moment.
The orc priest invokes the aid of Beogh against you.
Beogh smites you!
You hit the orc priest.
The orc priest looks as sick as possible!
You punch the orc priest.
The orc priest is heavily wounded.
The orc priest closely misses you.
The orc priest hits you with a +0 dagger.
You hit the orc priest.
The orc priest looks as sick as possible!
The orc priest is heavily wounded.
You hit the orc priest.
The orc priest looks as sick as possible!
The orc priest is severely wounded.
The orc priest mumbles some strange prayers to Beogh against you.
Beogh smites you!
The orc priest hits you with a +0 morningstar!
* * * LOW HITPOINT WARNING * * *
You barely miss the orc priest. The orc priest closely misses you.
The orc priest invokes the aid of Beogh against you.
Beogh smites you!
You die...

#.....#...# #.#
#.#####...# #.#
#######.#...##.####.#
..........####.#.##.#
.............#.#....#
.........####..#..###
.........# #.....#
.........# ###oo##
.....##.## ##@#
.....##.# ###
.....##.# .....##.#
........# .....####
.....# .....# .....#


You could see 2 orc priests.

Vanquished Creatures
  Duvessa (D:4)
  An ice beast (D:5)
  Blork the orc (D:5)
  A scorpion (D:3)
  Dowan (D:4)
  3 hounds
  A jelly (D:4)
  A gnoll bouda (D:5)
  2 orc priests
  An iron imp (D:4)
  An orc wizard (D:5)
  Natasha (twice) (D:4)
  11 gnolls
  7 adders
  A white imp (D:5)
  2 ufetubi (D:5)
  3 worms
  3 dart slugs
  21 orcs
  11 ball pythons
  4 bats
  6 endoplasms
  10 goblins
  12 hobgoblins
  5 jackals
  5 kobolds
  10 quokkas
  2 frilled lizards (D:1)
  9 rats
138 creatures vanquished.

Notes
Turn   | Place    | Note
-------+----------+-------------------------------------------
     0 | D:1      | jimonade the Djinni Warper began the quest for the Orb.
     0 | D:1      | jimonade set off with the following spells memorised:
                  | Blink, Lesser Beckoning, Vhi's Electric Charge, Teleport
                  | Other, Manifold Assault.
     0 | D:1      | Reached XP level 1. HP: 18/18 MP: 0/0
    43 | D:1      | Reached XP level 2. HP: 9/23 MP: 0/0
   217 | D:1      | Found a faded altar of an unknown god.
   290 | D:1      | Reached skill level 3 in Spellcasting
   339 | D:1      | Reached XP level 3. HP: 17/28 MP: 0/0
   339 | D:1      | Learned a level 1 spell: Sting
  1355 | D:2      | Reached XP level 4. HP: 31/33 MP: 0/0
  1798 | D:2      | Reached skill level 4 in Spellcasting
  2245 | D:3      | Reached XP level 5. HP: 36/38 MP: 0/0
  2245 | D:3      | Learned a level 2 spell: Passwall
  2581 | D:3      | Found a large runed translucent door.
  2582 | D:3      | Found a large runed translucent door.
  3006 | D:3      | Reached XP level 6. HP: 40/43 MP: 0/0
  3175 | D:4      | Reached skill level 5 in Spellcasting
  3180 | D:4      | Noticed Dowan
  3181 | D:4      | Noticed Duvessa
  3784 | D:4      | Found a staircase to the Ecumenical Temple.
  3793 | Temple   | Entered the Ecumenical Temple
  3929 | D:4      | Found a bloodstained altar of Trog.
  4318 | D:4      | Killed Duvessa
  4319 | D:4      | Reached XP level 7. HP: 9/49 MP: 0/0
  4319 | D:4      | Learned a level 2 spell: Static Discharge
  4552 | D:5      | Entered Level 5 of the Dungeon
  4712 | D:4      | Killed Dowan
  4871 | D:4      | Noticed Natasha
  4876 | D:4      | Killed Natasha
  5181 | D:4      | Noticed Natasha
  5185 | D:4      | Killed Natasha
  5400 | D:5      | Found a snail-covered altar of Cheibriados.
  5528 | D:5      | Became a worshipper of Cheibriados the Contemplative
  5588 | D:5      | Reached skill level 6 in Spellcasting
  5843 | D:5      | Reached XP level 8. HP: 56/56 MP: 0/0
  5884 | D:5      | Noticed Blork the orc
  5910 | D:5      | Killed Blork the orc
  6248 | D:5      | Reached * piety under Cheibriados
  6553 | D:4      | Killed from afar by an orc priest

Illustrated notes

Levels and vault maps discovered:
D:1:      wheals_arrival_shading, layout_loops_ring,
          hellmonk_ecumenical_altar_run_dry, serial_rivers,
          chequers_serial_rivers_micro_c, chequers_serial_rivers_small_b,
          chequers_serial_rivers_large_b, chequers_serial_rivers_micro_a,
          chequers_serial_rivers_small_a, minmay_hedge_maze, minmay_tetromino_t4
D:2:      layout_loops_ring
D:3:      layout_loops_cross, jmf_multi_god_temple2
D:4:      layout_basic, trog_book, minmay_temple_entry_ruins,
          minmay_small_thing, uniq_duvessa, uniq_natasha
D:5:      layout_basic, slow_altar_1, uniq_blork_the_orc
Temple:   nicolae_temple_ecumenical_triangle

Skill      XL: |  1  2  3  4  5  6  7  8 |
---------------+-------------------------+-----
Spellcasting   | 3 4 5 6 |  6.3
Armour         | 2 3 |  3.3
Fighting       | 3 |  3.7
Dodging        | 3 |  3.3
Short Blades   | |  1.7
Throwing       | |  0.7

Action                     |  1- 3 |  4- 6 |  7- 9 || total
---------------------------+-------+-------+-------++-------
  Melee: Short sword       |   113 |    46 |     2 ||   161
         Punch             |     2 |       |     2 ||     4
         Dagger            |       |       |   181 ||   181
  Throw: Dart              |       |     1 |     1 ||     2
   Cast: Sting             |    22 |   159 |    55 ||   236
         Blink             |       |     1 |       ||     1
         Lesser Beckoning  |       |       |     3 ||     3
         Vhi's Electric Ch |       |       |     1 ||     1
    Use: Scroll            |       |       |     6 ||     6
 Armour: Leather armour    |    38 |     9 |       ||    47
         Ring mail         |       |    22 |    42 ||    64
  Dodge: Dodged            |    83 |    56 |   141 ||   280

Table legend: (Time is in decaauts)
 A = Elapsed time spent in this place.
 B = Non-inter-level travel time spent in this place.
 C = Inter-level travel time spent in this place.
 D = Time resting spent in this place.
 E = Time spent auto-exploring this place.
 F = Levels seen in this place.
 G = Mean time per level.
                   A        B        C        D        E       F      G
               +--------+--------+--------+--------+--------+-----+--------+
         Total |   6659 |   6239 |    420 |    663 |   3805 |   6 | 1109.8 |
       Dungeon |   6615 |   6212 |    403 |    663 |   3787 |   5 | 1323.0 |
        Temple |     43 |     26 |     17 |      0 |     18 |   1 |   43.0 |
               +--------+--------+--------+--------+--------+-----+--------+

Top non-repeatable levels by time:
     D:4: 2026 daAuts
     D:3: 1248 daAuts
     D:5: 1164 daAuts
     D:1: 1154 daAuts
     D:2: 1022 daAuts
  Temple: 43 daAuts
